 Dungeon Sprint DCSS version 0.31-a0-835-g2a3a5bc3be (webtiles) character file.

Game seed: 4888579135821154769

11389 Conn the Eclecticist (level 11, -20/75 HPs)
             Began as an Octopode Fire Elementalist on Sept 26, 2023.
             Was a High Priest of Sif Muna.
             Killed from afar by a storm dragon (48 damage)
             ... with a bolt of lightning
             ... in the Dungeon (Sprint VII: "The Pits").
             The game lasted 00:26:50 (3945 turns).

Conn the Eclecticist (Octopode Fire Elementalist)   Turns: 3945, Time: 00:26:51

Health: -20/75     AC:  1    Str:  8    XL:     11   Next: 77%
Magic:  6/30       EV: 16    Int: 22    God:    Sif Muna [*****.]
Gold:   33         SH:  0    Dex: 18    Spells: 2/41 levels left

rFire   + . .        s - +2 morningstar (protect)
rCold   . . .        (no shield)
rNeg    . . .        (helmet restricted)
rPois   +            (no amulet)
rElec   .            n - +3 ring of dexterity
rCorr   .            o - +3 ring of dexterity
SInv    .            u - ring of Ecyuxee {Fire Fly rPois}
Will    .....        x - ring of protection from cold
Stlth   ++++         (no ring)
HPRegen 0.32/turn    (no ring)
MPRegen 0.22/turn    (no ring)
                     (no ring)

%: no teleportation
@: channelling, flying
A: almost no armour, amphibious, 8 rings, camouflage 1, gelatinous body 1,
(nimble swimmer 1), tentacles
a: Renounce Religion, Channel Magic, Forget Spell, Divine Exegesis


You were in the Dungeon.
You worshipped Sif Muna.
Sif Muna was extremely pleased with you.
You visited 1 branch You collected 33 gold pieces.

Inventory:

Hand Weapons
 g - a +2 dagger
 l - a +2 flail of protection
 s - a +2 morningstar of protection (weapon)
Jewellery
 k - a ring of ice
 n - a +3 ring of dexterity (left tentacle)
 o - a +3 ring of dexterity (right tentacle)
 u - the ring of Ecyuxee (on tentacle) {Fire Fly rPois}
   (You found it in the Dungeon)

   [ring of fire]

   Fire:      It enhances your fire magic.
   rF+:       It protects you from fire.
   rC-:       It makes you vulnerable to cold.
   rPois:     It protects you from poison Fly: It grants you flight.
 x - a ring of protection from cold (on tentacle)
Wands
 m - a wand of roots (8)
Scrolls
 f - 4 scrolls of identify
 i - 2 scrolls of vulnerability
 j - 5 scrolls of amnesia
 t - a scroll of immolation
 w - a scroll of butterflies
 y - a scroll of enchant weapon
 z - 4 scrolls of enchant armour
 A - a scroll of blinking
Potions
 a - 5 potions of magic
 b - 6 potions of curing
 c - 15 potions of heal wounds
 d - a potion of haste
 e - 5 potions of berserk rage
 h - 2 potions of invisibility
 p - 2 potions of brilliance
 q - a potion of resistance
 r - a potion of mutation
 v - a potion of lignification


   Skills:
 * Level 7.5 Fighting
 + Level 2.5 Short Blades
 - Level 5.0 Maces & Flails
 + Level 5.6 Dodging
 - Level 6.0 Stealth
 + Level 15.9 Spellcasting
 * Level 10.5 Conjurations
 - Level 3.0 Hexes
 * Level 4.3 Summonings
 - Level 4.0 Translocations
 + Level 13.5 Fire Magic
 + Level 1.7 Earth Magic
 * Level 10.6 Invocations
 + Level 1.3 Evocations


You had 2 spell levels left.
You knew the following spells:

 Your Spells              Type           Power      Damage    Failure   Level
a - Foxfire               Conj/Fire      100%       2x1d9     1%          1
b - Scorch                Fire           100%       2d9       1%          2
c - Inner Flame           Hex/Fire       69%        N/A       1%          3
d - Flame Wave            Conj/Fire      81%        2d18      1%          4
e - Iskenderun's Mystic   Conj/Tloc      49%        2d11      1%          4
f - Fireball              Conj/Fire      40%        3d16      1%          5
g - Brom's Barrelling Bo  Conj/Erth      44%        2d6       2%          4
h - Summon Guardian Gole  Hex/Summ       33%        N/A       2%          3
i - Starburst             Conj/Fire      40%        6d12      3%          6
j - Orb of Destruction    Conj           29%        9d9       36%         7

Your spell library contained the following spells:

 Spells                   Type           Power      Damage    Failure   Level
 Apportation              Tloc           70%        N/A       1%          1
 Kiss of Death            Conj/Necr      100%       2d13      1%          1
 Sandblast                Erth           50%        2d12      1%          1
 Shock                    Conj/Air       100%       1d9       1%          1
 Summon Small Mammal      Summ           100%       N/A       1%          1
 Lesser Beckoning         Tloc           70%        N/A       1%          2
 Momentum Strike          Conj/Tloc      98%        3d10      1%          2
 Searing Ray              Conj           100%       2d8       1%          2
 Static Discharge         Conj/Air       80%        2-6/arc   1%          2
 Passwall                 Tmut/Erth      17%        N/A       3%          2
 Sublimation of Blood     Necr           17%        N/A       4%          2
 Wereblood                Tmut           17%        N/A       4%          2
 Gell's Gravitas          Tloc           35%        N/A       1%          3
 Ignite Poison            Fire/Tmut/Pois 54%        N/A       1%          3
 Stone Arrow              Conj/Erth      88%        3d12      1%          3
 Teleport Other           Tloc           35%        N/A       1%          3
 Volatile Blastmotes      Fire/Tloc      100%       2d18      1%          3
 Fulminant Prism          Conj/Hex       23%        3d12      1%          4
 Sticky Flame             Conj/Fire      81%        2d9       1%          4
 Plasma Beam              Fire/Air       31%        2x1d44    30%         6
 Dispel Undead            Necr           17%        3d10      32%         4
 Dispersal                Tloc           17%        N/A       69%         6
 Spellforged Servitor     Conj/Summ      25%        N/A       78%         7
 Malign Gateway           Summ/Tloc      17%        N/A       99%         7
 Summon Hydra             Summ           18%        N/A       99%         7
 Discord                  Hex            15%        N/A       100%        8
 Disjunction              Tloc           17%        N/A       100%        8


Dungeon Overview and Level Annotations

Branches:
Dungeon (1/1)

Altars:
Ashenzari
Cheibriados
Dithmenos
Elyvilon
Fedhas
Gozag
Hepliaklqana
Kikubaaqudgha
Makhleb
Nemelex Xobeh
Okawaru
Qazlal
Ru
Sif Muna
Trog
Uskayaw
Vehumet
Wu Jian
Xom
Yredelemnul
Zin
The Shining One
Jiyva
Lugonu


Innate Abilities, Weirdness & Mutations

You cannot wear most types of armour.
You are amphibious.
You can wear up to eight rings at the same time.
Your skin changes colour to match your surroundings (Stealth+).
Your rubbery body absorbs attacks. (AC +1, EV +1)
((You are camouflaged when in or above water. (Stealth+)))
You have tentacles for arms and can constrict up to eight enemies at once.


Message History

The spriggan berserker is knocked back by the mystic blast.
The mystic blast hits the basilisk!
The basilisk is severely wounded.
The basilisk is knocked back by the mystic blast.
The basilisk slams into the metal wall!
The basilisk is severely wounded.
The mystic blast hits the storm dragon!
The storm dragon is moderately wounded.
The storm dragon breathes lightning at you.
The bolt of lightning hits you!!!
Ouch! That really hurt!
* * * LOW HITPOINT WARNING * * *
Unknown command.
Unknown command.
Blink to where?
Press: ? - help, Dir - move target
As you read the scroll of blinking, it crumbles to dust.
You feel a bit more experienced.
The storm dragon breathes lightning at you.
The bolt of lightning misses you.
You feel much better.
Casting: Iskenderun's Mystic Blast (dangerous; 1% risk of failure)
Confirm with . or Enter, or press ? or * to list all spells.
A guardian golem appears, shielding your allies.
Casting: Summon Guardian Golem (mildly dangerous; 2% risk of failure)
Confirm with . or Enter, or press ? or * to list all spells.
You feel a surge of power!
You conjure some foxfire!
Unknown command.
Casting: Foxfire (safe; 1% risk of failure)
Confirm with . or Enter, or press ? or * to list all spells.
You don't have enough magic to cast this spell.
The foxfire hits the storm dragon but does no damage.
The storm dragon is moderately wounded.
The storm dragon breathes lightning at you.
The bolt of lightning hits your foxfire!!
The bolt of lightning hits your guardian golem!
Your guardian golem resists.
The bolt of lightning hits you!!!
Ouch! That really hurt!
You die...

+..#....#..#
+..........#
#..........#
########..#....#..#
......''..........#
......''..........#
####..##..#....#..#
#..##......ยงยงยงยง+
+..##....Dv9.@.+
#..####''####++#
#..####D'###
#..##......#
####..##.#+##.#
......##D# .# ...
#.':%# # ### #.#l.+
########.+:.#


You could see a storm dragon (catching breath, ally target) and a friendly
guardian golem (summoned).

Vanquished Creatures
  2 great orbs of eyes (D)
  Erolcha (D)
  Erica (D)
  A demonic crawler (D)
  A sun demon (D)
  A deep troll (D)
  A sea snake (D)
  A bog body (D)
  A deep elf zephyrmancer (D)
  A deep elf pyromancer (D)
  An elephant (D)
  A rime drake (D)
  2 komodo dragons (D)
  2 efreet (D)
  A troll (D)
  Grinder (D)
  Prince Ribbit (D)
  A hornet (D)
  5 blink frogs (D)
  A wraith (D)
  A neqoxec (D)
  A redback (D)
  2 vampire mosquitoes (D)
  A water moccasin (D)
  3 floating eyes (D)
  A centaur (D)
  A kobold brigand (D)
  A scorpion (D)
  3 wights (D)
  3 iron imps (D)
  A jelly (D)
  5 orc priests (D)
  A hell rat (D)
  2 iguanas (D)
  An orc wizard (D)
  A gnoll (D)
  2 adders (D)
  2 white imps (D)
  An ufetubus (D)
  An orc (D)
  A bat zombie (D)
  An endoplasm (D)
  4 jackals (D)
  3 kobolds (D)
  A ball python (D)
  2 rats (D)
  A boulder (D)
74 creatures vanquished.

Vanquished Creatures (collateral kills)
  An ice devil (D)
  A ball python (D)
  5 boulders (D)
7 creatures vanquished.

Vanquished Creatures (others)
  An ice devil (D)
  A basilisk (shapeshifter) (D)
  An adder (D)
  6 boulders (D)
  121 foxfires (D)
130 creatures vanquished.

Grand Total: 211 creatures vanquished

Notes
Turn   | Place    | Note
-------+----------+-------------------------------------------
     0 | D        | Conn the Octopode Fire Elementalist began the quest for the
                  | Orb.
     0 | D        | Reached XP level 1. HP: 11/11 MP: 3/3
    36 | D        | Noticed a floating eye
    40 | D        | Killed a floating eye
    41 | D        | Reached skill level 4 in Spellcasting
    41 | D        | Reached XP level 2. HP: 17/17 MP: 0/7
    41 | D        | Reached XP level 3. HP: 21/21 MP: 0/9
    41 | D        | Reached XP level 4. HP: 27/27 MP: 0/10
   147 | D        | Found a bloodstained altar of Trog.
   147 | D        | Found a shimmering blue altar of Sif Muna.
   147 | D        | Found a viscous altar of Jiyva.
   147 | D        | Found a hazy altar of Hepliaklqana.
   147 | D        | Found an opulent altar of Gozag.
   148 | D        | Found a glowing golden altar of the Shining One.
   148 | D        | Found a glowing silver altar of Zin.
   148 | D        | Found a basalt altar of Yredelemnul.
   148 | D        | Found a shimmering altar of Xom.
   148 | D        | Found an ornate altar of the Wu Jian Council.
   148 | D        | Found a sacrificial altar of Ru.
   148 | D        | Found a stormy altar of Qazlal.
   148 | D        | Found an iron altar of Okawaru.
   148 | D        | Found a sparkling altar of Nemelex Xobeh.
   148 | D        | Found a burning altar of Makhleb.
   148 | D        | Found a blossoming altar of Fedhas.
   148 | D        | Found a white marble altar of Elyvilon.
   148 | D        | Found a shadowy altar of Dithmenos.
   148 | D        | Found a snail-covered altar of Cheibriados.
   150 | D        | Found a corrupted altar of Lugonu.
   150 | D        | Found a radiant altar of Vehumet.
   151 | D        | Found an ancient bone altar of Kikubaaqudgha.
   151 | D        | Found a hide-covered altar of Uskayaw.
   151 | D        | Found a broken altar of Ashenzari.
   152 | D        | Became a worshipper of Sif Muna the Loreminder
   177 | D        | Learned a level 2 spell: Scorch
   181 | D        | Learned a level 3 spell: Inner Flame
   186 | D        | Learned a level 4 spell: Flame Wave
   188 | D        | Reached * piety under Sif Muna
   196 | D        | Noticed a scorpion
   197 | D        | Noticed a floating eye
   202 | D        | Killed a scorpion
   202 | D        | Reached ** piety under Sif Muna
   203 | D        | Reached skill level 5 in Stealth
   203 | D        | Reached skill level 5 in Spellcasting
   203 | D        | Reached XP level 5. HP: 24/32 MP: 2/13
   203 | D        | Killed a floating eye
   204 | D        | Reached skill level 1 in Short Blades
   204 | D        | Reached skill level 6 in Spellcasting
   204 | D        | Reached XP level 6. HP: 27/37 MP: 0/15
   374 | D        | Reached *** piety under Sif Muna
   415 | D        | Noticed Grinder
   423 | D        | Killed Grinder
   424 | D        | Reached skill level 1 in Fighting
   424 | D        | Reached skill level 7 in Spellcasting
   424 | D        | Reached skill level 5 in Conjurations
   424 | D        | Reached XP level 7. HP: 43/43 MP: 5/17
   484 | D        | Reached **** piety under Sif Muna
   532 | D        | Reached skill level 8 in Spellcasting
   532 | D        | Reached skill level 5 in Invocations
   631 | D        | Noticed Prince Ribbit
   636 | D        | Killed Prince Ribbit
   759 | D        | Noticed a deep elf zephyrmancer
   766 | D        | Killed a deep elf zephyrmancer
   766 | D        | Reached ***** piety under Sif Muna
   767 | D        | Reached skill level 9 in Spellcasting
   767 | D        | Reached XP level 8. HP: 25/50 MP: 13/21
   863 | D        | Identified Sif Muna's Quarto of Incendiary Locality (Sif
                  | Muna gifted it to you in the Dungeon)
   863 | D        | Received a gift from Sif Muna
   866 | D        | Reached skill level 10 in Spellcasting
   870 | D        | Reached skill level 10 in Fire Magic
   882 | D        | Learned a level 4 spell: Iskenderun's Mystic Blast
   962 | D        | Noticed Erica
   966 | D        | Reached skill level 5 in Dodging
  1116 | D        | Killed Erica
  1117 | D        | Reached skill level 11 in Spellcasting
  1117 | D        | Reached XP level 9. HP: 40/54 MP: 12/24
  1299 | D        | Noticed a deep elf pyromancer
  1300 | D        | Identified Sif Muna's Elucidation of Liminal Modification
                  | (Sif Muna gifted it to you in the Dungeon)
  1300 | D        | Received a gift from Sif Muna
  1306 | D        | Killed a deep elf pyromancer
  1307 | D        | Reached skill level 1 in Maces & Flails
  1395 | D        | Noticed Erolcha
  1401 | D        | Killed Erolcha
  1402 | D        | Reached skill level 12 in Spellcasting
  1403 | D        | Noticed a bog body
  1514 | D        | Killed a bog body
  1515 | D        | Reached skill level 1 in Evocations
  1515 | D        | Reached XP level 10. HP: 64/64 MP: 14/26
  1611 | D        | Identified Qenkecza's Precepts of the Blink Frog and
                  | Kinetic Energy (Sif Muna gifted it to you in the Dungeon)
  1611 | D        | Received a gift from Sif Muna
  1755 | D        | Learned a level 5 spell: Fireball
  1760 | D        | Learned a level 4 spell: Brom's Barrelling Boulder
  1784 | D        | Reached skill level 13 in Spellcasting
  1984 | D        | Reached skill level 5 in Fighting
  2079 | D        | Noticed a sea snake
  2082 | D        | Killed a sea snake
  2160 | D        | Noticed a great orb of eyes
  2167 | D        | Killed a great orb of eyes
  2167 | D        | Reached ****** piety under Sif Muna
  2168 | D        | Reached skill level 14 in Spellcasting
  2168 | D        | Reached skill level 1 in Earth Magic
  2237 | D        | Identified Vaimalyd's Volume of Horrible Convocation (Sif
                  | Muna gifted it to you in the Dungeon)
  2237 | D        | Received a gift from Sif Muna
  2248 | D        | Reached XP level 11. HP: 69/72 MP: 8/29
  2254 | D        | Learned a level 3 spell: Summon Guardian Golem
  2365 | D        | Reached skill level 5 in Maces & Flails
  2454 | D        | Reached skill level 1 in Summonings
  2592 | D        | Noticed a great orb of eyes
  2609 | D        | Killed a great orb of eyes
  2749 | D        | Received a gift from Sif Muna
  2762 | D        | Paralysed by a floating eye for 4 turns
  2774 | D        | Reached skill level 15 in Spellcasting
  2776 | D        | Identified Qaif's Quarto of Charming Wounds (Sif Muna
                  | gifted it to you in the Dungeon)
  2776 | D        | Received a gift from Sif Muna
  2935 | D        | Learned a level 6 spell: Starburst
  2943 | D        | Learned a level 7 spell: Orb of Destruction
  2959 | D        | Reached skill level 10 in Invocations
  3115 | D        | Noticed a sun demon
  3133 | D        | Identified Sif Muna's Quarto of Vapour and the Geodesic
                  | (Sif Muna gifted it to you in the Dungeon)
  3133 | D        | Received a gift from Sif Muna
  3142 | D        | Killed a sun demon
  3334 | D        | Reached skill level 10 in Conjurations
  3498 | D        | Got the ring of Ecyuxee {Fire Fly rPois}
  3629 | D        | Noticed a deep troll
  3630 | D        | Noticed a demonic crawler
  3647 | D        | Killed a deep troll
  3816 | D        | Killed a demonic crawler
  3932 | D        | Noticed a spriggan berserker
  3932 | D        | Noticed a spriggan defender
  3934 | D        | Noticed a storm dragon
  3938 | D        | HP: 2/75 [storm dragon/bolt of lightning (49)]
  3945 | D        | Killed from afar by a storm dragon

Illustrated notes

Levels and vault maps discovered:
D:        pitsprint [storerooms_1, entrance_room_1, metal_vault_7, armoury_1,
          mini_pit_1, grid_room_1, main_hall_1, silver_pit, the_coven_1,
          the_vestibule_1, steel_vault_1, golden_pit, hallway_of_sentries,
          crystal_vault_6, iron_vault_1, final_vault]

Skill      XL: |  1  2  3  4  5  6  7  8  9 10 11 |
---------------+----------------------------------+-----
Dodging        | 3 4 5 |  5.6
Stealth        | 4 5 6 |  6.0
Spellcasting   | 4 5 6 7 9 11 12 14 15 | 15.9
Conjurations   | 3 4 5 7 8 9 10 | 10.5
Fire Magic     | 6 7 8 9 10 11 12 13 | 13.5
Hexes          | 2 3 |  3.0
Invocations    | 2 3 4 6 7 8 9 10 | 10.6
Short Blades   | 1 2 |  2.5
Fighting       | 1 2 4 5 7 |  7.5
Translocations | 2 4 |  4.0
Maces & Flails | 3 4 5 |  5.0
Evocations     | 1 |  1.3
Earth Magic    | 1 |  1.7
Summonings     | 4 |  4.3

Action                     |  1- 3 |  4- 6 |  7- 9 | 10-12 || total
---------------------------+-------+-------+-------+-------++-------
  Melee: Unarmed           |     2 |       |       |       ||     2
         Constrict         |     1 |       |     2 |     3 ||     6
         Dagger            |       |     5 |     3 |       ||     8
         Flail             |       |       |     4 |       ||     4
         Tentacles         |       |       |     3 |     2 ||     5
         Morningstar       |       |       |       |    13 ||    13
   Cast: Foxfire           |     4 |     4 |    13 |    51 ||    72
         Inner Flame       |       |     4 |     8 |    20 ||    32
         Scorch            |       |     7 |    17 |    37 ||    61
         Flame Wave        |       |       |     5 |     3 ||     8
         Iskenderun's Myst |       |       |     3 |    17 ||    20
         Brom's Barrelling |       |       |       |    17 ||    17
         Fireball          |       |       |       |     4 ||     4
         Summon Guardian G |       |       |       |     8 ||     8
         Starburst         |       |       |       |     3 ||     3
         Discord           |       |       |       |     2 ||     2
 Invoke: Channel Magic     |       |       |       |     2 ||     2
         Divine Exegesis   |       |       |       |     2 ||     2
  Evoke: Wand              |       |       |     1 |     1 ||     2
    Use: Potion            |       |       |     4 |     5 ||     9
         Scroll            |       |       |     1 |     2 ||     3
   Stab: Sleeping          |       |     5 |     1 |       ||     6
         Distracted        |       |       |       |     1 ||     1
 Armour: Skin              |       |     2 |    13 |    38 ||    53
  Dodge: Dodged            |       |     3 |    10 |    30 ||    43

Table legend: (Time is in decaauts)
 A = Elapsed time spent in this place.
 B = Non-inter-level travel time spent in this place.
 C = Inter-level travel time spent in this place.
 D = Time resting spent in this place.
 E = Time spent auto-exploring this place.
 F = Levels seen in this place.
 G = Mean time per level.
                   A        B        C        D        E       F      G
               +--------+--------+--------+--------+--------+-----+--------+
         Total |   3945 |   3945 |      0 |   2323 |    291 |   1 | 3945.0 |
       Dungeon |   3945 |   3945 |      0 |   2323 |    291 |   1 | 3945.0 |
               +--------+--------+--------+--------+--------+-----+--------+

Top non-repeatable levels by time:
       D: 3945 daAuts
